 Dungeon Crawl Stone Soup version 0.17.0-73-gb648821 (webtiles) character file.

25 tof the Firebug (level 3, 0/24 HPs)
             Began as a Human Fire Elementalist on Dec 9, 2015.
             Killed from afar by Sigmund (3 damage)
             ... with a puff of flame
             ... on level 2 of the Dungeon.
             The game lasted 00:10:28 (1000 turns).

tof the Firebug (Human Fire Elementalist)           Turns: 1000, Time: 00:10:28

Health: 0/24       AC:  4    Str:  8    XL:     3   Next: 17%
Magic:  3/6        EV: 12    Int: 16    God:
Gold:   74         SH:  0    Dex: 13    Spells: 3 memorised, 0 levels left

rFire  . . .     SeeInvis .     e - +2 dagger (venom)
rCold  . . .     Clarity  .     a - +0 robe
rNeg   . . .     SustAt   .     (no shield)
rPois  .         Gourm    .     (no helmet)
rElec  .         Spirit   .     (no cloak)
rCorr  .         Warding  .     p - +0 pair of gloves
rMut   .         Stasis   .     m - +0 pair of boots
MR     .....                    (no amulet)
Stlth  +.........               (no ring)
                                (no ring)

@: confused, not resistant to hostile enchantments, very unstealthy
A: no striking features
a: no special abilities


You were on level 2 of the Dungeon.
You were not hungry.

You visited 1 branch of the dungeon, and saw 2 of its levels.

You collected 74 gold pieces.

Inventory:

Hand Weapons
 e - a +2 dagger of venom (weapon)
Armour
 a - a +0 robe (worn)
 m - a +0 pair of boots (worn)
 p - a +0 pair of gloves (worn)
Scrolls
 f - 3 scrolls of teleportation {unknown}
 i - a scroll of magic mapping {unknown}
 j - a scroll of noise {unknown}
 k - a scroll of identify {unknown}
 l - a scroll of remove curse {unknown}
 n - a scroll of immolation {unknown}
Potions
 g - a potion of ambrosia {unknown}
 h - a potion of heal wounds {unknown}
 o - a potion of degeneration {unknown}
 r - a potion of invisibility {unknown}
 s - a potion of agility {unknown}
Books
 b - a book of Flames

   Spells                             Type                      Level
   a - Flame Tongue                   Conjuration/Fire             1
   b - Throw Flame                    Conjuration/Fire             2
   c - Conjure Flame                  Conjuration/Fire             3
   d - Inner Flame                    Hexes/Fire                   3
   e - Sticky Flame                   Conjuration/Fire             4
   f - Fireball                       Conjuration/Fire             5
Comestibles
 c - 2 bread rations
 d - a slice of pizza


   Skills:
 + Level 2.0 Dodging
 + Level 2.1 Stealth
 + Level 2.2 Spellcasting
 + Level 1.2 Conjurations
 + Level 3.6 Fire Magic


You couldn't memorise any spells.
You knew the following spells:

 Your Spells              Type           Power        Failure   Level  Hunger
a - Flame Tongue          Conj/Fire      #....        10%         1    #......
b - Throw Flame           Conj/Fire      #.....       12%         2    ###....
c - Inner Flame           Hex/Fire       #.......     34%         3    ###....


Dungeon Overview and Level Annotations

Branches:
Dungeon (2/15)

Altars:

Annotations:
D:2 Sigmund


Message History

Sigmund gestures at you while chanting. The magic dart hits you!
There is an open door here.
There isn't anything here!
You close the door.
Sigmund opens the door.
Sigmund mumbles some strange words.
Sigmund flickers and vanishes!
You are confused.
You're too confused to cast spells.
Unknown command.
You bump into the rock wall.
You bump into the rock wall.
You bump into the rock wall.
A magic dart appears from out of thin air!
The magic dart hits you!
* * * LOW HITPOINT WARNING * * *
A puff of flame appears from out of thin air!
The puff of flame hits you!
You die...

..........# #########.# <..#
#.# ##.# #.# ...# #.# ####
#.# ##### #.# #...# #.#
############...# #.#
#..@..{....'...# #.#
#.##########...#
#.####.##########...#####
####.##).≈≈...[......)......
#....##≈≈(≈≈#########.######
#....'.♣≈≈≈.#########.###
#....##>................##
#....##.#############.#..#
#....##.# #.##.##


There were no monsters in sight!

Vanquished Creatures
  A worm (D:2)
  A giant gecko (D:1)
  A giant cockroach (D:1)
  A hobgoblin (D:1)
  3 quokkas (D:2)
  A ball python (D:1)
  5 bats (D:1)
  A giant newt (D:1)
  3 goblins
  3 kobolds (D:1)
  A rat (D:1)
21 creatures vanquished.

Notes
Turn   | Place    | Note
--------------------------------------------------------------
     0 | D:1      | tof the Human Fire Elementalist began the quest for the Orb.
     0 | D:1      | Reached XP level 1. HP: 13/13 MP: 3/3
   146 | D:1      | Reached XP level 2. HP: 19/19 MP: 3/5
   628 | D:2      | Reached XP level 3. HP: 24/24 MP: 1/6
   676 | D:2      | Learned a level 2 spell: Throw Flame
   680 | D:2      | Learned a level 3 spell: Inner Flame
   825 | D:2      | Noticed Sigmund
  1000 | D:2      | Killed from afar by Sigmund

Action                   || total
-------------------------++-------
Melee: Dagger            ||    23
       Unarmed           ||     1
 Cast: Flame Tongue      ||    16
       Throw Flame       ||     5
       Inner Flame       ||     1
 Stab: Sleeping          ||     2
  Eat: Chunk             ||     1
